ABL
ST. GEORGE DRAGONS @ EAST SYDNEY ROOSTERS
05/12/2022
 
TOP OF THE 1ST
St. George Dragons batting - Pitching for East Sydney Roosters : RHP Colt Eckley
Pitching: RHP Colt Eckley
Batting: RHB Frank Scott 0-0: Called Strike
0-1: Swinging Strike
0-2: Foul Ball, location: 2F
0-2: Strikes out looking
Batting: RHB Jason Pearce 0-0: Ball
1-0: Fly out, F6 (Popup, 4MD, EV 66.9 MPH)
Batting: SHB Darren Sabin 0-0: Ball
1-0: Ball
2-0: Called Strike
2-1: Fly out, F9 (Flyball, 9S, EV 90.6 MPH)
Top of the 1st over - 0 runs, 0 hits, 0 errors, 0 left on base; St. George 0 - East Sydney 0
BOTTOM OF THE 1ST
East Sydney Roosters batting - Pitching for St. George Dragons : RHP Fredrick Dwennon
Pitching: RHP Fredrick Dwennon
Batting: RHB Irving Dorset 0-0: Foul Ball, location: 5SF
0-1: Foul Ball, location: 9LSF
0-2: Ball
1-2: Fly out, F8 (Flyball, 8LM, EV 90.0 MPH)
Batting: LHB Kole Hancock 0-0: Foul Ball, location: 3F
0-1: Fly out, F6 (Popup, 56, EV 58.1 MPH)
Batting: SHB Daren Simmons 0-0: Called Strike
0-1: Fly out, F3 (Popup, 3, EV 73.8 MPH)
Bottom of the 1st over - 0 runs, 0 hits, 0 errors, 0 left on base; St. George 0 - East Sydney 0
TOP OF THE 2ND
St. George Dragons batting - Pitching for East Sydney Roosters : RHP Colt Eckley
Batting: LHB Lenny Pullen 0-0: Ball
1-0: Ball
2-0: Foul Ball, location: 2LF
2-1: Foul Ball, location: 7LDF
2-2: DOUBLE (Line Drive, 78M, EV 110.6 MPH)
Batting: RHB Ray Emelio 0-0: Ball
1-0: SINGLE (Line Drive, 8LS, EV 99.4 MPH)
Lenny Pullen to third
Batting: LHB Ben Etheridge 0-0: SINGLE (Line Drive, 6MD, EV 93.8 MPH)
Lenny Pullen scores
Ray Emelio to second
Batting: RHB Darron Matts 0-0: Fly out, F7 (Line Drive, 7S, EV 106.3 MPH)
Batting: LHB Fredrick Dwennon 0-0: Sac Bunt to 13S - play at first, batter OUT! 1-4
Ray Emelio to third
Ben Etheridge to second
Batting: RHB Bill Orson 0-0: Ball
1-0: Foul Ball, location: 5DF
1-1: Ball
2-1: SINGLE (Line Drive, 56, EV 103.8 MPH)
Ray Emelio scores
Ben Etheridge to third
Batting: RHB Frank Scott 0-0: Ground out 5-3 (Groundball, 56S, EV 65.0 MPH)
Top of the 2nd over - 2 runs, 4 hits, 0 errors, 2 left on base; St. George 2 - East Sydney 0
BOTTOM OF THE 2ND
East Sydney Roosters batting - Pitching for St. George Dragons : RHP Fredrick Dwennon
Batting: LHB Tal-hun Uhm 0-0: Ball
1-0: Foul Ball, location: 3DF
1-1: Ball
2-1: Called Strike
2-2: SINGLE (Groundball, 13, EV 88.8 MPH) (infield hit)
Batting: LHB Cristian Trewhella 0-0: Ball
1-0: Ball
2-0: Ball
3-0: Base on Balls
Tal-hun Uhm to second
Batting: LHB Cec Chaundler 0-0: Called Strike
0-1: Ball
1-1: Ball
2-1: Grounds into double play, 6-4-3 (Groundball, 6, EV 90.6 MPH)
Tal-hun Uhm to third
Batting: RHB Joel Nicholson 0-0: Foul Ball, location: 7LSF
0-1: Ball
1-1: Ground out 5-3 (Groundball, 56S, EV 84.4 MPH)
Bottom of the 2nd over - 0 runs, 1 hit, 0 errors, 1 left on base; St. George 2 - East Sydney 0
TOP OF THE 3RD
St. George Dragons batting - Pitching for East Sydney Roosters : RHP Colt Eckley
Batting: RHB Jason Pearce 0-0: Ball
1-0: Fly out, F9 (Flyball, 9, EV 96.9 MPH)
Batting: SHB Darren Sabin 0-0: Ball
1-0: Foul Ball, location: 3F
1-1: Foul Ball, location: 2F
1-2: Ball
2-2: Foul Ball, location: 2F
2-2: Ball
3-2: SINGLE (Groundball, 34D, EV 101.9 MPH)
Batting: LHB Lenny Pullen 0-0: Ball
1-0: Ball
2-0: Foul Ball, location: 2RF
2-1: Foul Ball, location: 3F
2-2: Strikes out looking
Batting: RHB Ray Emelio 0-0: Swinging Strike
0-1: Called Strike
0-2: Strikes out swinging
Top of the 3rd over - 0 runs, 1 hit, 0 errors, 1 left on base; St. George 2 - East Sydney 0
BOTTOM OF THE 3RD
East Sydney Roosters batting - Pitching for St. George Dragons : RHP Fredrick Dwennon
Batting: RHB Adrian Maccley 0-0: Ball
1-0: Foul Ball, location: 9LMF
1-1: Fly out, F3 (Popup, 23F, EV 80.6 MPH)
Batting: RHB Colt Eckley 0-0: Ball
1-0: SINGLE (Groundball, 6MD, EV 96.3 MPH)
Batting: RHB Irving Dorset 0-0: Swinging Strike
0-1: Ball
1-1: Ball
2-1: TRIPLE (Line Drive, 8LXD, EV 105.6 MPH)
Colt Eckley scores
Batting: LHB Kole Hancock 0-0: Ball
1-0: Fly out, F7 (Flyball, 7D, EV 89.4 MPH)
Runner from 3rd tags up, SCORES, no throw by LF
Batting: SHB Daren Simmons 0-0: TRIPLE (Flyball, 8LXD, EV 97.5 MPH)
Batting: LHB Tal-hun Uhm 0-0: Ball
1-0: Ball
2-0: Fly out, F6 (Popup, 6, EV 55.6 MPH)
Bottom of the 3rd over - 2 runs, 3 hits, 0 errors, 1 left on base; St. George 2 - East Sydney 2
TOP OF THE 4TH
St. George Dragons batting - Pitching for East Sydney Roosters : RHP Colt Eckley
Batting: LHB Ben Etheridge 0-0: SINGLE (Groundball, 4D, EV 98.1 MPH)
Batting: RHB Darron Matts 0-0: Ball
1-0: Fielders Choice at 2nd, 4-6 (Groundball, 34, EV 91.3 MPH)
Batting: LHB Fredrick Dwennon 0-0: Ball
1-0: Bunted foul
1-1: Ball
2-1: Ball
Darron Matts steals 2nd base
3-1: Ground out U3 (Groundball, 3, EV 92.5 MPH)
Darron Matts to third
Batting: RHB Bill Orson 0-0: Ball
1-0: Ball
2-0: SINGLE (Groundball, 4MD, EV 98.1 MPH)
Darron Matts scores
Batting: RHB Frank Scott 0-0: Ball
1-0: Fly out, F4 (Line Drive, 4MD, EV 74.4 MPH)
Top of the 4th over - 1 run, 2 hits, 0 errors, 1 left on base; St. George 3 - East Sydney 2
BOTTOM OF THE 4TH
East Sydney Roosters batting - Pitching for St. George Dragons : RHP Fredrick Dwennon
Batting: LHB Cristian Trewhella 0-0: Ball
1-0: Foul Ball, location: 9LSF
1-1: Called Strike
1-2: Strikes out swinging
Batting: LHB Cec Chaundler 0-0: Called Strike
0-1: Ball
1-1: Ball
2-1: Ball
3-1: Called Strike
3-2: Base on Balls
Batting: RHB Joel Nicholson 0-0: Ball
1-0: Grounds into double play, 5-4-3 (Groundball, 56, EV 93.8 MPH)
Bottom of the 4th over - 0 runs, 0 hits, 0 errors, 0 left on base; St. George 3 - East Sydney 2
TOP OF THE 5TH
St. George Dragons batting - Pitching for East Sydney Roosters : RHP Colt Eckley
Batting: RHB Jason Pearce 0-0: Bunt for hit to 25 - play at first, batter safe!
Batting: SHB Darren Sabin 0-0: Ball
1-0: Swinging Strike
1-1: Ball
2-1: Grounds into double play, 4-6-3 (Groundball, 4, EV 96.3 MPH)
Batting: LHB Lenny Pullen 0-0: Fly out, F6 (Line Drive, 6, EV 67.5 MPH)
Top of the 5th over - 0 runs, 1 hit, 0 errors, 0 left on base; St. George 3 - East Sydney 2
BOTTOM OF THE 5TH
East Sydney Roosters batting - Pitching for St. George Dragons : RHP Fredrick Dwennon
Batting: RHB Adrian Maccley 0-0: TRIPLE (Flyball, 89D, EV 106.9 MPH)
Batting: RHB Colt Eckley 0-0: Fly out, F8 (Flyball, 8RD, EV 106.3 MPH)
Runner from 3rd tags up, SCORES, throw by CF
Batting: RHB Irving Dorset 0-0: Ball
1-0: Foul Ball, location: 7LDF
1-1: Swinging Strike
1-2: Foul Ball, location: 3DF
1-2: Ball
2-2: Ball
3-2: Base on Balls
Batting: LHB Kole Hancock 0-0: Called Strike
0-1: Foul Ball, location: 3FF
0-2: Foul Ball, location: 2F
0-2: Fly out, F8 (Flyball, 8RD, EV 107.5 MPH)
Batting: SHB Daren Simmons 0-0: Foul Ball, location: 2F
0-1: Ball
1-1: SINGLE (Groundball, 34D, EV 101.9 MPH)
Irving Dorset to second
Runner from 2nd tries for 3rd, SAFE, no throw by RF
Batting: LHB Tal-hun Uhm 0-0: Ball
1-0: Swinging Strike
1-1: Ball
2-1: Swinging Strike
2-2: Foul Ball, location: 2F
2-2: Strikes out swinging
Bottom of the 5th over - 1 run, 2 hits, 0 errors, 2 left on base; St. George 3 - East Sydney 3
TOP OF THE 6TH
St. George Dragons batting - Pitching for East Sydney Roosters : RHP Colt Eckley
Batting: RHB Ray Emelio 0-0: Called Strike
0-1: Foul Ball, location: 9LSF
0-2: Strikes out swinging
Batting: LHB Ben Etheridge 0-0: Ball
1-0: Fly out, F8 (Flyball, 8RD, EV 88.8 MPH)
Batting: RHB Darron Matts 0-0: SINGLE (Groundball, 6MD, EV 103.8 MPH)
Batting: LHB Fredrick Dwennon 0-0: Called Strike
0-1: Called Strike
0-2: Fly out, F8 (Flyball, 8RD, EV 103.1 MPH)
Top of the 6th over - 0 runs, 1 hit, 0 errors, 1 left on base; St. George 3 - East Sydney 3
BOTTOM OF THE 6TH
East Sydney Roosters batting - Pitching for St. George Dragons : RHP Fredrick Dwennon
Batting: LHB Cristian Trewhella 0-0: Ball
1-0: Foul Ball, location: 5DF
1-1: Ball
2-1: Foul Ball, location: 5F
2-2: Foul Ball, location: 25FF
2-2: Ball
3-2: Hit by Pitch
Batting: LHB Cec Chaundler 0-0: Called Strike
0-1: Grounds into double play, 6-4-3 (Groundball, 6M, EV 85.6 MPH)
Batting: RHB Joel Nicholson 0-0: Ball
1-0: Ball
2-0: DOUBLE (Groundball, 5L, EV 101.9 MPH)
Batting: RHB Adrian Maccley 0-0: Intentional Walk
Batting: RHB Colt Eckley 0-0: Ball
1-0: Fielders Choice at 2nd, U4 (Groundball, 4M, EV 77.5 MPH)
Bottom of the 6th over - 0 runs, 1 hit, 0 errors, 2 left on base; St. George 3 - East Sydney 3
TOP OF THE 7TH
St. George Dragons batting - Pitching for East Sydney Roosters : RHP Colt Eckley
Batting: RHB Bill Orson 0-0: Ball
1-0: Foul Ball, location: 25F
1-1: Ball
2-1: SINGLE (Line Drive, 34, EV 94.4 MPH)
Batting: RHB Frank Scott 0-0: Sac Bunt to 15S - play at first, batter OUT! 1-3
Bill Orson to second
Batting: RHB Jason Pearce 0-0: Ball
1-0: Ball
2-0: Called Strike
2-1: Called Strike
2-2: Strikes out swinging
Batting: SHB Darren Sabin 0-0: Foul Ball, location: 2RF
0-1: Ball
1-1: Ball
2-1: Foul Ball, location: 7LMF
2-2: Strikes out swinging
Top of the 7th over - 0 runs, 1 hit, 0 errors, 1 left on base; St. George 3 - East Sydney 3
BOTTOM OF THE 7TH
East Sydney Roosters batting - Pitching for St. George Dragons : RHP Fredrick Dwennon
Batting: RHB Irving Dorset 0-0: Ball
1-0: Called Strike
1-1: Foul Ball, location: 5F
1-2: Ball
2-2: Ball
3-2: Fly out, F8 (Flyball, 8LS, EV 104.4 MPH)
Batting: LHB Kole Hancock 0-0: Called Strike
0-1: Swinging Strike
0-2: Ball
1-2: Strikes out swinging
Batting: SHB Daren Simmons 0-0: Ball
1-0: Reached on error, E4 (Groundball, 4, EV 103.8 MPH)
Pitching: RHP Noel Smith
Batting: LHB Tal-hun Uhm 0-0: Called Strike
0-1: Ball
1-1: Foul Ball, location: 2F
1-2: Foul Ball, location: 2F
1-2: Strikes out swinging
Bottom of the 7th over - 0 runs, 0 hits, 1 error, 1 left on base; St. George 3 - East Sydney 3
TOP OF THE 8TH
St. George Dragons batting - Pitching for East Sydney Roosters : RHP Colt Eckley
Batting: LHB Lenny Pullen 0-0: Called Strike
0-1: Swinging Strike
0-2: Ball
1-2: SINGLE (Line Drive, 9S, EV 93.1 MPH)
Batting: RHB Ray Emelio 0-0: Ball
1-0: Foul Ball, location: 5FF
1-1: Ball
2-1: Grounds into double play, U6-3 (Groundball, 4M, EV 107.5 MPH)
Batting: LHB Ben Etheridge 0-0: Ball
1-0: Ball
2-0: Ball
3-0: Called Strike
3-1: Foul Ball, location: 3FF
3-2: SOLO HOME RUN (Flyball, 8RXD, EV 102.5 MPH), Distance : 435 ft
Batting: RHB Darron Matts 0-0: Ball
1-0: Ball
2-0: Ball
3-0: Foul Ball, location: 2F
3-1: Ground out 5-3 (Groundball, 56, EV 96.3 MPH)
Top of the 8th over - 1 run, 2 hits, 0 errors, 0 left on base; St. George 4 - East Sydney 3
BOTTOM OF THE 8TH
East Sydney Roosters batting - Pitching for St. George Dragons : RHP Noel Smith
Batting: LHB Cristian Trewhella 0-0: Ball
1-0: Called Strike
1-1: Foul Ball, location: 2F
1-2: Ground out 4-3 (Groundball, 4, EV 81.9 MPH)
Batting: LHB Cec Chaundler 0-0: Ball
1-0: Ball
2-0: Called Strike
2-1: Swinging Strike
2-2: Strikes out swinging
Batting: RHB Joel Nicholson 0-0: Ball
1-0: Ball
2-0: Ball
3-0: Base on Balls
Pinch Hitting: LHB Steve O'Dea 0-0: Called Strike
0-1: Swinging Strike
0-2: Ball
1-2: Ball
2-2: Ball
3-2: Base on Balls
Joel Nicholson to second
Pinch Hitting: RHB Paul Wise 0-0: Ball
1-0: Swinging Strike
1-1: Called Strike
1-2: Fly out, F4 (Popup, 23, EV 88.1 MPH)
Bottom of the 8th over - 0 runs, 0 hits, 0 errors, 2 left on base; St. George 4 - East Sydney 3
TOP OF THE 9TH
St. George Dragons batting - Pitching for East Sydney Roosters : RHP Colt Eckley
Pitching: RHP Derick Wells
Now at 2B: Ed Halloway
Pinch Hitting: RHB Kris Crowe 0-0: Foul Ball, location: 25F
0-1: Ball
1-1: Foul Ball, location: 2F
1-2: Ball
2-2: Ball
3-2: Base on Balls
Batting: RHB Bill Orson 0-0: Sac Bunt to 23 - play at first, batter OUT! 3-4
Kris Crowe to second
Batting: RHB Frank Scott 0-0: Ball
1-0: Called Strike
1-1: SINGLE (Line Drive, 4MD, EV 93.8 MPH)
Kris Crowe to third
Runner from 3rd tries for Home, SAFE, throw by CF to home
Frank Scott to second
Batting: RHB Jason Pearce 0-0: Swinging Strike
0-1: Foul Ball, location: 9LSF
0-2: Ball
1-2: Strikes out swinging
Batting: SHB Darren Sabin 0-0: Ball
1-0: Ball
2-0: Foul Ball, location: 7LMF
2-1: Ball
3-1: Called Strike
3-2: Base on Balls
Batting: LHB Lenny Pullen 0-0: Called Strike
0-1: Ground out 5-3 (Groundball, 56, EV 100.6 MPH)
Top of the 9th over - 1 run, 1 hit, 0 errors, 2 left on base; St. George 5 - East Sydney 3
BOTTOM OF THE 9TH
East Sydney Roosters batting - Pitching for St. George Dragons : RHP Noel Smith
Pitching: RHP Ron Brennan
Now at 1B: Darren Sabin
Now in LF: Kris Crowe
Now in RF: Jason Pearce
Batting: RHB Irving Dorset 0-0: Called Strike
0-1: Swinging Strike
0-2: Ball
1-2: Strikes out swinging
Batting: LHB Kole Hancock 0-0: Ball
1-0: Reached on error, E3 (Groundball, 34D, EV 108.1 MPH)
Batting: SHB Daren Simmons 0-0: Called Strike
0-1: Ball
1-1: Ball
2-1: Called Strike
2-2: Ball
3-2: SINGLE (Line Drive, 7LS, EV 101.9 MPH)
Kole Hancock to second
Batting: LHB Tal-hun Uhm 0-0: Ball
1-0: Called Strike
1-1: Foul Ball, location: 7LDF
1-2: Ball
2-2: Ball
3-2: Foul Ball, location: 9LSF
3-2: Hit by Pitch
Kole Hancock to third
Daren Simmons to second
Batting: LHB Cristian Trewhella 0-0: Called Strike
0-1: Swinging Strike
0-2: Ball
1-2: Ball
2-2: Foul Ball, location: 2F
2-2: Fly out, F6 (Popup, 6, EV 59.4 MPH)
Batting: LHB Cec Chaundler 0-0: Called Strike
0-1: Ball
1-1: Ball
2-1: Called Strike
2-2: Fly out, F9 (Flyball, 9S, EV 87.5 MPH)
Bottom of the 9th over - 0 runs, 1 hit, 1 error, 3 left on base; St. George 5 - East Sydney 3
Tuesday, April 30th , 2024 - OOTP Baseball 24.9 Build 80